 Dungeon Crawl Stone Soup version 0.21-a0-401-g0b6bec4 (webtiles) character file.

643 Rikh the Archer (level 7, -1/56 HPs)
             Began as a Centaur Hunter on Oct 21, 2017.
             Was an Initiate of Okawaru.
             Slain by an iron imp (4 damage)
             ... summoned by Eustachio
             ... on level 5 of the Dungeon on Oct 22, 2017.
             The game lasted 00:41:43 (3938 turns).

Rikh the Archer (Centaur Hunter)                    Turns: 3938, Time: 00:41:44

Health: -1/56      AC: 16    Str: 14    XL:     7   Next: 26%
Magic:  7/7        EV:  4    Int: 10    God:    Okawaru [......]
Gold:   19         SH:  0    Dex: 12    Spells: 6/6 levels left

rFire    + . .     SeeInvis .   v - +2 great mace (pain)
rCold    . . .     Gourm    .   (shield currently unavailable)
rNeg     . . .     Faith    .   q - +3 chain mail {rC+}
rPois    +         Spirit   .   x - +1 helmet
rElec    .         Reflect  .   n - +2 cloak {rPois}
rCorr    .         Harm     .   (no gloves)
MR       .....                  (no barding)
Stlth    ..........             (no amulet)
HPRegen  0.58/turn              z - ring of fire
MPRegen  0.10/turn              (no ring)

@: lethally poisoned (-1 -> -10), very quick
A: hooves 3, rugged brown scales 1, deformed body, speed 2, regeneration 1,
tough skin 3
a: Renounce Religion


You were on level 5 of the Dungeon.
You worshipped Okawaru.
Okawaru was noncommittal.
You were not hungry.

You visited 2 branches of the dungeon, and saw 6 of its levels.

You collected 221 gold pieces.
You spent 202 gold pieces at shops.

Inventory:

Hand Weapons
 a - a +3 shortbow
 b - a +0 short sword
 e - a +0 short sword
 j - a +0 spear
 u - a +0 trident
 v - a +2 great mace of pain (weapon)
 y - a +0 spear
Missiles
 d - 8 arrows
Armour
 c - a +0 leather armour
 l - a +0 helmet
 n - a +2 cloak of poison resistance (worn)
 q - a +3 chain mail of cold resistance (worn)
 w - a cursed +1 animal skin
 x - a +1 helmet (worn)
 A - a +0 cloak
Jewellery
 z - a ring of fire (left hand)
Wands
 k - a wand of acid (7/15)
Scrolls
 g - 6 scrolls of identify
 i - a scroll of blinking
 o - a scroll of fog {unknown}
 r - a scroll of remove curse
 t - a scroll of teleportation
Potions
 p - a potion of cancellation
 B - 2 potions of haste
Comestibles
 f - 3 bread rations
 m - 3 meat rations
 s - 5 fruits


   Skills:
 - Level 2.0 Fighting
 * Level 11.4 Bows
 - Level 1.3 Dodging
 - Level 0.4 Stealth


You had 6 spell levels left.
You didn't know any spells.

Dungeon Overview and Level Annotations

Branches:
Dungeon (5/15)             Temple (1/1) D:4

Altars:
Fedhas
Hepliaklqana
Makhleb
Okawaru
Sif Muna
Yredelemnul

Shops:
D:4 [

Annotations:
D:5 Eustachio


Innate Abilities, Weirdness & Mutations

You have hooves in place of feet.
Armour fits poorly on your strangely shaped body.
You cover ground very quickly.
You have extremely tough skin. (AC +3)
You are partially covered in rugged brown scales. (AC +1, +3% HP)
Your natural rate of healing is unusually fast.


Message History

Eustachio hits you with a rapier of venom!
* * * LOW HITPOINT WARNING * * *
You are lethally poisoned!
The white imp hits you but does no damage.
The crimson imp blinks!
The iron imp hits you but does no damage.
Eustachio hits you with a rapier of venom.
* * * LOW HITPOINT WARNING * * *
The white imp hits you but does no damage.
The bat hits you but does no damage.
You sock Eustachio! Your kick misses Eustachio.
Eustachio is almost dead.
* * * LOW HITPOINT WARNING * * *
You feel very sick.
The bat hits you but does no damage. x2; The bat barely misses you.
The bat closely misses you. The bat hits you but does no damage. x2
The river rat bites you but does no damage.
The white imp hits you but does no damage.
Eustachio hits you but does no damage. The iron imp hits you.
You die...

#r#.#
######.#.######
#.......rb....##
#############..#
##≈≈≈≈≈≈≈≈## ##b#
##≈≈......≈≈## #.#
#≈≈........≈≈###r##
≈≈....b§@r..≈≈##..#
≈.......@....≈≈##.#
.......b55b...≈≈#.#
...........(...≈#.#
.....8..8..5)..≈#.#
................'.#
................'.#
.....8..8......≈###
...............≈#
............≈≈#


You could see Eustachio, an iron imp, a crimson imp, a river rat, a white imp
and 3 bats.

Vanquished Creatures
  2 big kobolds (D:4)
  2 orc priests (D:5)
  Crazy Yiuf (D:2)
  An iguana (D:4)
  Jessica (D:3)
  Terence (D:2)
  3 orc wizards
  A worker ant (D:4)
  Robin (D:3)
  9 adders
  An ooze (D:3)
  A dart slug (D:1)
  3 worms
  3 leopard geckos
  9 orcs
  6 giant cockroaches
  18 goblins
  17 hobgoblins
  18 kobolds
  2 quokkas (D:3)
  8 bats
  9 frilled lizards
  A leopard gecko skeleton (D:4)
  6 rats
  2 fungi (D:2)
126 creatures vanquished.

Notes
Turn   | Place    | Note
-------+----------+-------------------------------------------
     0 | D:1      | Rikh the Centaur Hunter began the quest for the Orb.
     0 | D:1      | Reached XP level 1. HP: 17/17 MP: 1/1
   100 | D:1      | Reached XP level 2. HP: 24/24 MP: 2/2
   111 | D:1      | Reached skill level 6 in Bows
   571 | D:1      | Reached XP level 3. HP: 25/29 MP: 3/3
   873 | D:2      | Reached skill level 7 in Bows
  1144 | D:2      | Found a runed door.
  1148 | D:2      | Noticed Crazy Yiuf
  1179 | D:2      | Killed Crazy Yiuf
  1179 | D:2      | Reached XP level 4. HP: 36/36 MP: 4/4
  1358 | D:2      | Noticed Terence
  1380 | D:2      | Killed Terence
  1380 | D:2      | Reached skill level 8 in Bows
  1677 | D:2      | Reached XP level 5. HP: 36/41 MP: 5/5
  1893 | D:3      | Found a deep blue altar of Sif Muna.
  1926 | D:3      | Found a burning altar of Makhleb.
  1978 | D:3      | Found a basalt altar of Yredelemnul.
  2060 | D:3      | Reached skill level 9 in Bows
  2099 | D:3      | Found a blossoming altar of Fedhas.
  2345 | D:3      | Noticed Robin
  2371 | D:3      | Killed Robin
  2510 | D:3      | Reached XP level 6. HP: 45/48 MP: 6/6
  2618 | D:3      | Noticed Jessica
  2622 | D:3      | Killed Jessica
  2769 | D:4      | Found Veidif's Antique Armour Emporium.
  2790 | D:4      | Reached skill level 10 in Bows
  2824 | D:4      | Gained mutation: You are partially covered in rugged brown scales. (AC +1, +3% HP) [potion of mutation]
  2824 | D:4      | Gained mutation: Your natural rate of healing is unusually fast. [potion of mutation]
  3177 | D:4      | Found a staircase to the Ecumenical Temple.
  3196 | D:4      | Reached XP level 7. HP: 56/56 MP: 7/7
  3214 | D:4      | Reached skill level 11 in Bows
  3256 | Temple   | Entered the Ecumenical Temple
  3272 | Temple   | Became a worshipper of Warmaster Okawaru
  3744 | D:4      | Bought a shiny chain mail for 202 gold pieces
  3774 | D:5      | Entered Level 5 of the Dungeon
  3821 | D:5      | Noticed Eustachio
  3938 | D:5      | Slain by an iron imp

Vault maps used:
D:1:      mrwooster_arrival_statue_3, moated_statue
D:2:      minmay_randomly_rotated_circles, uniq_crazy_yiuf_cottage, uniq_terence
D:3:      yredelemnul_altar_generic, marbit_many_paths, lemuel_doored_altar,
          first_bread, lemuel_blue_sif_altar, uniq_robin, uniq_jessica
D:4:      cheibrodos_thug_alley, minmay_temple_entry_water_ring, serial_shops,
          shop
D:5:      lemuel_coloured_pillars_altar, vehumet_statue, serial_shops, shop,
          shop, shop, shop, kennysheep_cross_room,
          nicolae_dithmenos_the_darkroom, uniq_eustachio, uniq_edmund
Temple:   hc_temple_tempest_star

Skill      XL: |  1  2  3  4  5  6  7 |
---------------+----------------------+-----
Bows           | 6 7 8 9 10 11 | 11.4
Fighting       | |  2.0
Dodging        | |  1.3
Stealth        | |  0.4

Action                   |  1- 3 |  4- 6 |  7- 9 || total
-------------------------+-------+-------+-------++-------
Melee: Spear             |       |    19 |       ||    19
       Kick              |       |    14 |     5 ||    19
       Great mace        |       |    14 |    30 ||    44
 Fire: Shortbow          |   109 |   251 |    22 ||   382
  Use: Potion            |     2 |     4 |     2 ||     8
       Scroll            |       |    13 |       ||    13
  Eat: Meat ration       |       |     1 |       ||     1
       Royal jelly       |       |       |     1 ||     1
Armor: Leather armour    |     6 |    63 |     2 ||    71
       Chain mail        |       |       |   134 ||   134
Dodge: Dodged            |    17 |    56 |    33 ||   106

Table legend:
 A = Spawn XP
 B = Non-spawn XP
 C = Spawn XP percentage of total XP
 D = Spawn monster count
 E = Non-spawn monster count
 F = Spawn count percentage of total count
 G = Total turns spent on level
                    A         B        C        D         E        F      G
               +---------+---------+-------+---------+---------+-------+---------
         Total |       0 |     919 |   0.0 |       0 |     124 |   0.0 |  3938
               +---------+---------+-------+---------+---------+-------+---------
           D:1 |       0 |      45 |   0.0 |       0 |      25 |   0.0 |   781
           D:2 |       0 |     162 |   0.0 |       0 |      29 |   0.0 |   982
           D:3 |       0 |     234 |   0.0 |       0 |      44 |   0.0 |   925
           D:4 |       0 |     348 |   0.0 |       0 |      22 |   0.0 |  1057
           D:5 |       0 |     130 |   0.0 |       0 |       4 |   0.0 |   164
               +---------+---------+-------+---------+---------+-------+---------
